Map: Orbital Shipyard

Players

Pnakotica

  • Race: Protoss Protoss
  • League: Diamond

LilDicky - Winner!

  • Race: Terran Terran
  • League: Diamond

VOD

http://www.twitch.tv/tumescentpie

Description

Time

  • Played on: Nov. 25, 2015, 8:32 p.m.
  • Length: 6:08
Show
View Real Time Build Order
Export as new Build Order

Pnakotica Protoss 

Build Orders: 1 Gate Expand 

Get SALT Encoding   

  12  0:01  Probe (Chrono Boost)  
  13  0:12  Probe (Chrono Boost)  
  14  0:18  Pylon  
  14  0:22  Probe (Chrono Boost)  
  15  0:36  Probe (Chrono Boost)  
  15  0:37  Gateway  
  16  0:46  Assimilator  
  16  0:47  Probe (Chrono Boost)  
  17  0:57  Probe (Chrono Boost)  
  18  1:08  Probe (Chrono Boost)  
  19  1:21  Nexus  
  19  1:30  Cybernetics Core  
  19  1:39  Probe (Chrono Boost), Assimilator  
  20  1:49  Probe (Chrono Boost)  
  20  1:51  Pylon  
  21  2:00  Probe (Chrono Boost)  
  22  2:08  Warp Gate  
  22  2:09  Adept (Chrono Boost)  
  24  2:16  Mothership Core  
  26  2:33  Adept (Chrono Boost)  
  26  2:34  Probe  
  29  2:37  Probe  
  30  2:44  Probe  
  30  2:46  Pylon  
  30  2:49  Probe  
  32  2:55  Probe  
  32  2:57  Adept (Chrono Boost)  
  35  3:01  Probe  
  36  3:05  Robotics Facility  
  36  3:06  Probe  
  37  3:13  Probe  
  37  3:17  Probe  
  39  3:26  Probe  
  40  3:32  Probe  
  41  3:51  Probe  
  41  3:53  Observer (Chrono Boost)  
  41  3:55  Adept  
  44  4:09  Probe  
  45  4:19  Probe  
  46  4:32  Probe  
  46  4:33  Warp Prism (Chrono Boost)  
  46  4:34  Probe  
  46  4:38  Pylon  
  50  4:44  Probe  
  51  4:51  Adept  
  53  4:53  Probe  
  53  4:59  Gateway  
  54  5:01  Gateway, Probe  
  54  5:04  Gateway  
  54  5:06  Gateway  
  51  5:10  Gateway  
  51  5:13  Pylon  
  51  5:14  Pylon  
  51  5:22  Pylon  
  51  5:24  Pylon  
  51  5:30  Adept  
  52  5:36  Observer (Chrono Boost)  
  50  5:49  Pylon  
  50  5:52  Adept  
Show
View Real Time Build Order
Export as new Build Order

LilDicky Terran - Winner!

Build Orders: MMM Bio 

Get SALT Encoding   

  12  0:03  SCV  
  13  0:15  SCV  
  13  0:20  Supply Depot  
  14  0:28  SCV  
  15  0:41  Refinery  
  15  0:42  SCV  
  16  0:52  Barracks  
  16  0:54  SCV  
  17  1:06  SCV  
  18  1:19  SCV  
  19  1:31  SCV  
  20  1:41  Supply Depot  
  20  1:42  Marine  
  20  1:44  Factory  
  21  1:47  Orbital Command  
  21  2:02  Marine  
  22  2:09  Barracks  
  22  2:10  Barracks  
  22  2:15  SCV  
  23  2:19  Refinery  
  23  2:20  Barracks Reactor  
  23  2:27  SCV  
  24  2:37  Supply Depot  
  24  2:39  SCV  
  24  2:44  Widow Mine  
  25  2:51  SCV  
  27  2:56  Marine x2  
  27  2:57  Barracks Tech Lab  
  27  2:58  Barracks Tech Lab  
  29  3:03  SCV  
  30  3:07  Supply Depot  
  30  3:12  Widow Mine  
  32  3:23  Marine  
  32  3:24  Marine  
  32  3:25  Stimpack  
  32  3:26  Combat Shields  
  34  3:27  Marine x2  
  34  3:28  SCV  
  34  3:33  Supply Depot  
  37  3:40  SCV  
  38  3:50  Marine x2  
  38  3:51  Marauder x2  
  44  3:58  Starport  
  44  4:11  Marine  
  44  4:13  Marauder x2  
  47  4:19  Hellion  
  47  4:22  SCV  
  48  4:28  Supply Depot  
  48  4:30  Marine x2  
  50  4:34  Medivac  
  52  4:51  Marauder x2, Marine x2  
  56  4:54  Widow Mine  
  56  4:56  SCV  
  58  5:08  SCV  
  58  5:09  Medivac  
  58  5:13  Supply Depot  
  61  5:20  SCV  
  62  5:23  Supply Depot  
  60  5:36  Marine x2  
  60  5:37  Marauder x2  
Tags
 
Add a new tag
Caveats
  • Supply blocks, unpowered buildings, or Contaminate may cause inaccurate times.
  • Supply counts are checked every 10 seconds.